 Dungeon Crawl Stone Soup version 0.25-a0-566-g062765be81 (webtiles) character file.

Game seed: 8745298360871341669, levelgen mode: deterministic

10131 kae the Jinx (level 11, -9/51 HPs)
             Began as a Felid Enchanter on Feb 28, 2020.
             Was a Priest of Dithmenos.
             Mangled by Urug
             ... wielding a +0 battleaxe of electrocution
              (16 damage)
             ... on level 1 of the Lair of Beasts.
             The game lasted 00:24:46 (16607 turns).

kae the Jinx (Felid Enchanter)                     Turns: 16607, Time: 00:24:46

Health: -9/51      AC:  2    Str:  7    XL:     11   Next: 32%
Magic:  17/23      EV: 26    Int: 20    God:    Dithmenos [***...]
Gold:   728        SH:  0    Dex: 16    Spells: 19/25 levels left
                                        Lives:  0   Deaths: 3

rFire    . . .     SeeInvis +     - Unarmed
rCold    . . .     Gourm    .   (shield unavailable)
rNeg     . . .     Faith    .   (armour unavailable)
rPois    .         Spirit   .   (helmet unavailable)
rElec    .         Reflect  .   (cloak unavailable)
rCorr    .         Harm     .   (gloves unavailable)
MR       +....                  (boots unavailable)
Stlth    ++++++++..             e - amulet of regeneration
HPRegen  0.57/turn              g - +2 ring of intelligence
MPRegen  0.18/turn              (no ring)

@: confusing touch, wreathed by umbra, quick
A: very small, no armour, no weapons or thrown items, stealth, claws 1, fangs 3,
see invisible, carnivore, speed 1, shaggy fur 2, slow metabolism 1, sharp paws
a: Shadow Step, Renounce Religion


You were on level 1 of the Lair of Beasts.
You worshipped Dithmenos.
Dithmenos was most pleased with you.
You were very full.

You visited 3 branches of the dungeon, and saw 14 of its levels.
You also visited: Bailey.

You collected 728 gold pieces.

Inventory:

Jewellery
 d - a +5 amulet of reflection
 e - an amulet of regeneration (around neck)
 g - a +2 ring of intelligence (left paw)
 h - an uncursed amulet of harm
 q - an uncursed ring of flight
 u - a +3 ring of strength {unknown}
Wands
 m - a wand of paralysis (6)
 n - a wand of digging (14)
 v - a wand of acid (12)
 y - a wand of clouds (3)
Scrolls
 c - 4 scrolls of remove curse
 i - 5 scrolls of teleportation
 t - 4 scrolls of identify
 w - 3 scrolls of magic mapping
 x - a scroll of amnesia
Potions
 a - a potion of invisibility
 f - 3 potions of might
 j - 5 potions of curing
 k - 2 potions of ambrosia
 l - a potion of berserk rage
 o - 2 potions of brilliance
 p - 4 potions of cancellation
 r - 5 potions of stabbing
 s - 3 potions of flight
 z - a potion of heal wounds
 A - a potion of degeneration
 B - a potion of mutation {unknown}
 C - a potion of haste {unknown}
 D - a potion of resistance {unknown}
Comestibles
 b - 16 rations


   Skills:
 + Level 7.9 Fighting
 + Level 10.5 Dodging
 + Level 11.6 Stealth
 * Level 11.1 Unarmed Combat
 + Level 7.6 Spellcasting
 + Level 11.8 Hexes


You had 19 spell levels left.
You knew the following spells:

 Your Spells              Type           Power        Failure   Level  Hunger
a - Corona                Hex            ######.      1%          1    None
b - Ensorcelled Hibernat  Hex/Ice        ####..       1%          2    None
c - Confusing Touch       Hex            ######..     1%          3    None

Your spell library contained the following spells:

 Spells                   Type           Power        Failure   Level  Hunger
 Tukima's Dance           Hex            ######..     1%          3    None
 Dazzling Flash           Conj/Hex       ####..       2%          3    None
 Beastly Appendage        Tmut           #.....       9%          1    None
 Sticks to Snakes         Tmut           #.......     14%         2    None
 Spider Form              Tmut/Pois      #.........   26%         3    None
 Ice Form                 Ice/Tmut       #.......     65%         4    ###....
 Blade Hands              Tmut           #.........   94%         5    #####..


Dungeon Overview and Level Annotations

Branches:
Dungeon (12/15)            Temple (1/1) D:7            Lair (1/6) D:11
    Orc (0/2) D:10         Bailey (visited)

Altars:
Ashenzari
Cheibriados
Dithmenos
Elyvilon
Fedhas
Gozag
Hepliaklqana
Kikubaaqudgha
Makhleb
Nemelex Xobeh
Okawaru
Qazlal
Ru
Sif Muna
Trog
Uskayaw
Vehumet
Wu Jian
Xom
Yredelemnul
Zin
The Shining One

Shops:
D:12 (

Annotations:
Lair:1 Urug


Innate Abilities, Weirdness & Mutations

You cannot wear armour.
You are incapable of wielding weapons or throwing items.
Your paws allow you to move quietly. (Stealth)
You have sharp claws.
You have razor-sharp teeth.
You have supernaturally acute eyesight. (SInv)
You are carnivorous and can eat meat at any time.
You cover ground quickly.
You are covered in thick fur. (AC +2)
You have a slow metabolism.
Your sharp claws are effective at attacking unaware monsters.


Message History

Casting: Ensorcelled Hibernation (safe; 1% risk of failure)
Confirm with . or Enter, or press ? or * to list all spells.
Aiming: Ensorcelled Hibernation (safe; 1% risk of failure)
Press: ? - help, Shift-Dir - straight line, f - you That would be overly suicidal.
Okay, then.
Unknown command.
Casting: Ensorcelled Hibernation (safe; 1% risk of failure)
Confirm with . or Enter, or press ? or * to list all spells.
Your paws begin to glow red.
Urug misses you.
You scratch Urug but do no damage. You bite Urug, but do no damage.
Urug completely misses you.
You scratch Urug but do no damage.
Urug hits you with a +0 battleaxe of electrocution!
You scratch Urug but do no damage. Your bite misses Urug.
You scratch Urug but do no damage.
Urug hits you with a +0 battleaxe of electrocution!
* * * LOW HITPOINT WARNING * * *
You are electrocuted!
You die...

##....(...#....#.#...#####....#
#..............##...# ##....
................#..## # #.....
#................... .. ....
#......(.(............. .....
##................#...#.##...
###...................
####.#..............
###......@.......
##......o...... #..............
#.............. #..............
#......_....... ...............
##.............


You could see Urug.

Vanquished Creatures
  Snorg (D:11)
  A hydra (D:12)
  Erica (D:11)
  2 two-headed ogres
  An unseen horror (D:10)
  2 cyclopes
  An orc knight (Bailey)
  An ugly thing (D:11)
  Joseph (D:7)
  Maurice (D:11)
  Psyche (D:11)
  2 gargoyles
  Maggie (D:7)
  2 spiny frogs (Lair:1)
  2 trolls (D:10)
  A hippogriff (D:12)
  Sigmund (D:5)
  12 yaks (D:12)
  A shadow (D:12)
  4 hogs (D:7)
  A vampire (D:11)
  Eustachio (D:5)
  A human (D:7)
  Grum (D:9)
  A hungry ghost (D:12)
  A soldier ant (D:10)
  3 wargs (D:11)
  A porcupine (Lair:1)
  4 water moccasins
  12 orc warriors
  4 sky beasts
  7 ice beasts
  3 black bears
  A necrophage (D:10)
  An ogre (D:9)
  4 phantoms
  8 wolves
  6 centaurs
  A crocodile (Lair:1)
  A big kobold (D:10)
  Blork the orc (D:4)
  7 bullfrogs
  A gnoll sergeant (D:10)
  A water moccasin skeleton (D:7)
  5 scorpions
  11 killer bees
  2 howler monkeys
  An electric eel (D:8)
  2 crimson imps
  6 hounds
  2 quasits
  3 bullfrog zombies
  3 jellies
  Crazy Yiuf (D:2)
  2 bullfrog skeletons
  5 orc priests
  8 orc wizards
  A centaur skeleton (D:10)
  4 iguanas
  6 worker ants
  Robin (D:2)
  2 worker ant zombies (D:6)
  10 adders
  6 shadow imps
  4 adder skeletons
  An adder zombie (D:8)
  4 worms
  3 dart slugs
  7 leopard geckos
  39 orcs
  6 giant cockroaches
  15 goblins
  6 hobgoblins
  11 jackals
  17 kobolds
  A quokka (D:10)
  3 ball pythons
  8 bats
  4 frilled lizards
  A quokka zombie (D:7)
  6 rats
  A plant (D:8)
329 creatures vanquished.

Vanquished Creatures (others)
  An orc warrior (Bailey)
  An orc (D:7)
  A quokka (D:7)
  A plant (D:8)
4 creatures vanquished.

Grand Total: 333 creatures vanquished

Notes
Turn   | Place    | Note
-------+----------+-------------------------------------------
     0 | D:1      | kae the Felid Enchanter began the quest for the Orb.
     0 | D:1      | Reached XP level 1. HP: 7/7 MP: 4/4
   208 | D:1      | Reached XP level 2. HP: 12/12 MP: 6/6
   227 | D:1      | Learned a level 2 spell: Ensorcelled Hibernation
  1134 | D:2      | Noticed Robin
  1363 | D:2      | Reached XP level 3. HP: 5/15 MP: 7/7
  1365 | D:2      | Reached skill level 1 in Fighting
  1819 | D:2      | Found a hide-covered altar of Uskayaw.
  2234 | D:2      | Found a faded altar of an unknown god.
  2294 | D:2      | Killed Robin
  2294 | D:2      | Reached XP level 4. HP: 11/19 MP: 2/8
  2728 | D:2      | Found a runed translucent door.
  2729 | D:2      | Noticed Crazy Yiuf
  3097 | D:3      | Reached skill level 5 in Hexes
  4173 | D:4      | Reached XP level 5. HP: 22/22 MP: 0/9
  4304 | D:4      | Noticed Blork the orc
  4313 | D:4      | Slain by Blork the orc
  4314 | D:4      | Reached XP level 4. HP: -1/19 MP: 2/8
  4380 | D:4      | Killed Blork the orc
  4380 | D:4      | Reached skill level 5 in Stealth
  4380 | D:4      | Reached XP level 5. HP: 13/22 MP: 1/10
  5463 | D:5      | Entered Level 5 of the Dungeon
  5492 | D:5      | Gained mutation: You are covered in thick fur. (AC +2)
                  | [Felid growth]
  5492 | D:5      | Reached XP level 6. HP: 26/26 MP: 8/11
  5729 | D:5      | Found a shattered altar of Ashenzari.
  5884 | D:5      | Noticed Sigmund
  5895 | D:5      | Killed Sigmund
  5895 | D:5      | Reached XP level 7. HP: 11/30 MP: 7/12
  6294 | D:5      | Noticed Eustachio
  6302 | D:5      | Killed Eustachio
  6705 | D:2      | Killed Crazy Yiuf
  6880 | D:6      | Learned a level 3 spell: Confusing Touch
  6887 | D:6      | Reached skill level 5 in Dodging
  7130 | D:6      | Reached skill level 5 in Unarmed Combat
  7427 | D:6      | Reached XP level 8. HP: 34/34 MP: 11/14
  9212 | D:7      | Reached XP level 9. HP: 15/39 MP: 5/16
  9868 | D:7      | Reached skill level 5 in Spellcasting
  9873 | D:7      | Reached skill level 5 in Fighting
 10010 | D:7      | Noticed Maggie
 10019 | D:7      | Killed Maggie
 10021 | D:7      | Found a white marble altar of Elyvilon.
 10285 | D:7      | Found a staircase to the Ecumenical Temple.
 10325 | D:7      | Noticed Joseph
 10356 | Temple   | Entered the Ecumenical Temple
 10429 | Temple   | Became a worshipper of Dithmenos the Shadowed
 10633 | D:7      | HP: 1/40 [Joseph/+0 quarterstaff (11)]
 10639 | D:7      | Killed Joseph
 10919 | D:8      | Reached XP level 10. HP: 44/44 MP: 16/19
 11852 | D:9      | Noticed Grum
 11854 | D:9      | Killed Grum
 11856 | D:9      | Reached * piety under Dithmenos
 12426 | D:9      | Noticed a two-headed ogre
 12500 | D:9      | Killed a two-headed ogre
 12539 | D:10     | Entered Level 10 of the Dungeon
 12610 | D:10     | Reached skill level 10 in Hexes
 13117 | D:10     | Reached ** piety under Dithmenos
 13330 | D:10     | Found a staircase to the Orcish Mines.
 13583 | D:10     | Reached skill level 10 in Stealth
 13583 | D:10     | Reached XP level 11. HP: 40/49 MP: 18/21
 13758 | D:10     | Noticed an unseen horror
 13792 | D:10     | Killed an unseen horror
 13840 | D:10     | Noticed a two-headed ogre
 13845 | D:10     | Killed a two-headed ogre
 13942 | D:11     | Noticed Snorg
 13943 | D:11     | Noticed Maurice
 13960 | D:11     | Killed Snorg
 14016 | D:11     | Found a staircase to the Lair.
 14171 | D:11     | Noticed Psyche
 14176 | D:11     | Noticed a cyan ugly thing
 14192 | D:11     | Killed a cyan ugly thing
 14192 | D:11     | Reached *** piety under Dithmenos
 14192 | D:11     | Reached skill level 10 in Unarmed Combat
 14198 | D:11     | Killed Psyche
 14201 | D:11     | HP: 1/50 [gargoyle/stone arrow (17)]
 14202 | D:11     | Mangled by a gargoyle
 14203 | D:11     | Reached XP level 10. HP: -9/47 MP: 11/21
 14240 | D:11     | Noticed Erica
 14251 | D:11     | Killed Erica
 14297 | D:11     | Found a flagged portal.
 14322 | D:11     | Killed a gargoyle
 14379 | Bailey   | Entered a bailey
 14660 | Bailey   | Found a roughly hewn altar of Beogh.
 14660 | Bailey   | Noticed an orc knight
 14671 | Bailey   | Demolished by an orc warrior
 14672 | Bailey   | Reached XP level 9. HP: -15/43 MP: 20/20
 14774 | Bailey   | Reached XP level 10. HP: 47/47 MP: 18/21
 14782 | Bailey   | Killed an orc knight
 14869 | Bailey   | Identified a scroll of acquirement
 14869 | Bailey   | Identified the Volume of Destructive Lightness (You
                  | acquired it in a bailey)
 14983 | D:11     | Killed Maurice
 15388 | D:12     | Noticed a gargoyle
 15395 | D:12     | Killed a gargoyle
 15442 | D:12     | Noticed a cyclops
 15459 | D:12     | Killed a cyclops
 15459 | D:12     | Reached skill level 10 in Dodging
 15744 | D:12     | Found Meycyx's Weapon Shop.
 15772 | D:12     | Reached XP level 11. HP: 33/51 MP: 11/23
 15888 | D:12     | Noticed a six-headed hydra
 15890 | D:12     | Killed a six-headed hydra
 16211 | Lair:1   | Entered Level 1 of the Lair of Beasts
 16323 | Lair:1   | Reached **** piety under Dithmenos
 16597 | Lair:1   | Noticed Urug
 16600 | Lair:1   | Found a basalt altar of Yredelemnul.
 16607 | Lair:1   | Mangled by Urug

Levels and vault maps discovered:
D:1:      evilmike_arrival_hilbert_curve, layout_basic, minmay_misc_feat_rows,
          kennysheep_decorative_pillar
D:2:      layout_rooms, old_standard_altar, chequers_ecumenical_altar_simple,
          uniq_robin, uniq_crazy_yiuf_cottage
D:3:      layout_basic
D:4:      layout_loops_cross, uniq_blork_the_orc
D:5:      layout_loops_corners, first_ration, cheibrodos_ashenzari_chains,
          uniq_eustachio, uniq_sigmund
D:6:      layout_loops_cross, grunt_decor_one_mirror, minivault_5
D:7:      layout_rooms, minmay_temple_entry_poolview, grunt_livestock,
          elyvilon_altar_4, uniq_joseph, uniq_maggie
D:8:      layout_loops_cross, serial_bayou_lagoon_a
D:9:      layout_loops_ring, uniq_grum
D:10:     kennysheep_windowed_halls, layout_basic, orc_0_dummy
D:11:     layout_basic, erik_lair_orcish_takeover, enter_bailey_2, uniq_psyche,
          uniq_snorg, uniq_maurice, uniq_erica
D:12:     layout_irregular_city, serial_shops, shop
Temple:   compressed_dpeg_circular_temple
Lair:1:   cheibrodos_lair_river_kwai, layout_gridlike, basic_altar,
          uniq_nergalle, uniq_urug

Skill      XL: |  1  2  3  4  5  6  7  8  9 10 11 |
---------------+----------------------------------+-----
Dodging        | 3 4 5 6 7 10 9 | 10.5
Fighting       | 1 2 3 4 5 6 7 |  7.9
Unarmed Combat | 2 3 4 5 6 7 9 11 | 11.1
Hexes          | 5 6 7 9 11 | 11.8
Stealth        | 5 6 7 8 11 | 11.6
Spellcasting   | 3 4 5 7 |  7.6

Action                   |  1- 3 |  4- 6 |  7- 9 | 10-12 || total
-------------------------+-------+-------+-------+-------++-------
Melee: Unarmed           |   143 |   204 |   248 |   467 ||  1062
       Bite              |     5 |     8 |    18 |    44 ||    75
       Punch             |       |       |    10 |    10 ||    20
 Cast: Corona            |    17 |     4 |     3 |     8 ||    32
       Ensorcelled Hiber |    11 |    42 |    72 |   109 ||   234
       Confusing Touch   |       |       |    13 |    13 ||    26
Invok: Shadow Step       |       |       |       |     1 ||     1
Evoke: Wand              |       |       |     2 |    31 ||    33
  Use: Potion            |     3 |     2 |     3 |     3 ||    11
       Scroll            |       |    11 |     8 |     7 ||    26
 Stab: Sleeping          |    18 |    35 |    44 |    87 ||   184
       Confused          |       |       |    11 |    13 ||    24
       Paralysed         |       |       |     1 |       ||     1
       Invisible         |       |       |       |     2 ||     2
       Distracted        |       |       |       |     1 ||     1
  Eat: Chunk             |     5 |    20 |    13 |    21 ||    59
Armor: Skin              |     5 |     8 |    59 |     2 ||    74
Dodge: Dodged            |   116 |   177 |   250 |   463 ||  1006

Table legend:
 A = Non-vault XP
 B = Vault XP
 C = Vault XP percentage of total XP
 D = Non-vault monster count
 E = Vault monster count
 F = Vault count percentage of total count
                 A         B        C        D         E       F
            +---------+---------+-------+---------+---------+-------
      Total |   16686 |   11631 |  41.1 |     256 |      73 |  22.2
            +---------+---------+-------+---------+---------+-------
        D:1 |      32 |       0 |   0.0 |      18 |       0 |   0.0
        D:2 |      47 |      78 |  62.4 |      12 |      13 |  52.0
        D:3 |      73 |       0 |   0.0 |      28 |       0 |   0.0
        D:4 |     206 |      94 |  31.3 |      20 |       1 |   4.8
        D:5 |     382 |     424 |  52.6 |      10 |       2 |  16.7
        D:6 |     831 |       0 |   0.0 |      19 |       0 |   0.0
        D:7 |    1584 |    1825 |  53.5 |      31 |       7 |  18.4
        D:8 |    1418 |       0 |   0.0 |      17 |       0 |   0.0
        D:9 |    2073 |     424 |  17.0 |      31 |       3 |   8.8
       D:10 |    1166 |    3762 |  76.3 |      26 |      18 |  40.9
       D:11 |    1314 |    3499 |  72.7 |       6 |      12 |  66.7
       D:12 |    5409 |       0 |   0.0 |      25 |       0 |   0.0
     Lair:1 |    2151 |       0 |   0.0 |      13 |       0 |   0.0
     Bailey |       0 |    1525 | 100.0 |       0 |      17 | 100.0
            +---------+---------+-------+---------+---------+-------
